 Dungeon Crawl Stone Soup version 0.30-a0-782-ge64f9170bb (webtiles) character file.

Game seed: 17356013061327512541

135 Leeroy the Slasher (level 5, -6/38 HPs)
             Began as a Merfolk Gladiator on Feb 25, 2023.
             Blown up by Ijyb (17 damage)
             ... with a mindburst bolt
             ... on level 3 of the Dungeon.
             The game lasted 00:03:24 (2224 turns).

Leeroy the Slasher (Merfolk Gladiator)              Turns: 2224, Time: 00:03:24

Health: -6/38      AC:  4    Str: 14    XL:     5   Next: 18%
Magic:  14/14      EV: 13    Int:  7    God:
Gold:   40         SH:  0    Dex: 18    Spells: 4/4 levels left

rFire   . . .      SeeInvis .    a - +0 long sword
rCold   + . .      Faith    .    (no shield)
rNeg    . . .      Spirit   .    b - +0 leather armour
rPois   .          Reflect  .    c - +0 helmet
rElec   .          Harm     .    (no cloak)
rCorr   .          Rampage  .    (no gloves)
Will    +....                    (no boots)
Stlth   +                        (no amulet)
HPRegen 0.26/turn                k - ring of magical power
MPRegen 0.14/turn                (no ring)

@: no status effects
A: (nimble swimmer 2), mertail, cold resistance 1, strong-willed 1
a: no special abilities


You were on level 3 of the Dungeon.
You visited 1 branch of the dungeon, and saw 3 of its levels.

You collected 106 gold pieces.
You spent 66 gold pieces at shops.

Inventory:

Hand Weapons
 a - a +0 long sword (weapon)
Missiles
 d - 3 throwing nets (quivered)
 e - 4 javelins
Armour
 b - a +0 leather armour (worn)
 c - a +0 helmet (worn)
Jewellery
 f - a +6 ring of intelligence
 k - a ring of magical power (left hand)
Scrolls
 h - 2 scrolls of vulnerability
 l - a scroll of amnesia {unknown}
Potions
 g - 2 potions of attraction
 i - 2 potions of flight
 m - a potion of heal wounds {unknown}


   Skills:
 - Level 2.1 Fighting
 + Level 6.9 Long Blades
 - Level 2.0 Throwing
 - Level 4.0 Dodging


You had 4 spell levels left.
You didn't know any spells.
Your spell library contained the following spells:

 Spells                   Type           Power      Damage    Failure   Level
 Freeze                   Ice            0%         1d3       52%         1
 Necrotise                Necr           0%         1d4       52%         1
 Lesser Beckoning         Tloc           0%         N/A       65%         2
 Frozen Ramparts          Ice            0%         1d1       87%         3
 Gell's Gravitas          Tloc           0%         N/A       87%         3
 Hailstorm                Conj/Ice       0%         3d3       87%         3
 Portal Projectile        Hex/Tloc       0%         N/A       87%         3
 Teleport Other           Tloc           0%         N/A       87%         3
 Tukima's Dance           Hex            0%         N/A       87%         3
 Vampiric Draining        Necr           0%         2d6       87%         3
 Agony                    Necr           0%         N/A       100%        5
 Blade Hands              Tmut           0%         N/A       100%        5
 Fireball                 Conj/Fire      0%         3d3       100%        5
 Iskenderun's Battlesphe  Conj           0%         2d6       100%        5
 Conjure Ball Lightning   Conj/Air       0%         3x3d6     100%        6
 Orb of Destruction       Conj           0%         9d5       100%        7


Dungeon Overview and Level Annotations

Branches:
Dungeon (3/15)

Altars:

Shops:
D:1 ?

Annotations:
D:3 Ijyb


Innate Abilities, Weirdness & Mutations

((You are very nimble when in or above water. (Stealth+, EV+, Speed+++)))
Your lower body shifts to a powerful aquatic tail in water.
Your flesh is cold resistant. (rC+)
You are strong-willed. (Will+)


Message History

Ijyb hits you with a +0 club.
You closely miss Ijyb.
Ijyb is lightly wounded.
Ijyb hits you with a +0 club.
You hit Ijyb but do no damage.
Ijyb is lightly wounded.
Ijyb hits you with a +0 club!
You closely miss Ijyb.
Ijyb is lightly wounded.
Ijyb zaps a wand.
Your mind is blasted!
The endoplasm hits you but does no damage.
You are too injured to fight recklessly!
You are too injured to fight recklessly!
You are too injured to fight recklessly!
You are too injured to fight recklessly!
You are too injured to fight recklessly!
You are too injured to fight recklessly!
You hit Ijyb but do no damage. Ijyb hits you with a +0 club.
The endoplasm hits you but does no damage.
Ijyb attacks as you move away! Ijyb hits you with a +0 club.
Ijyb zaps a wand.
You barely resist.
Things that are here:
a +0 dagger; a kobold corpse You hit the endoplasm.
The endoplasm is severely wounded.
The endoplasm freezes you.
You are frozen.
* * * LOW HITPOINT WARNING * * *
You barely miss the endoplasm.
The endoplasm is severely wounded.
The endoplasm barely misses you.
Really quaff the potion of mutation?
You feel extremely strange.
You feel strong-willed.
You feel resistant to cold. The endoplasm closely misses you.
You slash the endoplasm!
You kill the endoplasm!
Ijyb zaps a wand.
You resist with some effort.
You hit Ijyb but do no damage.
Ijyb zaps a wand.
Your mind is blasted!
You die...

#.#.##.#.....###.######..<..
#.#.......##.# #.# ######
######.####.#####.# #.#
.......# #.# #.# #.#
.####### #.#####.###.#
........ ............#
.####### #g........## .#
...###.##.### .# #.@........
.### #)#g....... ...#
#........#?....#.# ##.#
#.#..#.#.....#.# #
........#...#.# ...?.
..###...# # ...#.##.# >.#
...# .?. ... .. #.#


You could see Ijyb.

Vanquished Creatures
  8 adders
  2 worms
  An orc (D:3)
  7 ball pythons
  6 endoplasms
  3 giant cockroaches (D:1)
  6 goblins
  4 hobgoblins
  2 jackals (D:3)
  5 quokkas
  2 bats
  2 frilled lizards (D:1)
  4 kobolds
  3 rats (D:1)
55 creatures vanquished.

Vanquished Creatures (others)
  A minotaur (D:1)
  2 draconians (D:1)
  An octopode (D:1)
  A troll (D:1)
  A formicid (D:1)
  A spriggan (D:1)
  A demigod (D:1)
  A dwarf (D:1)
  2 ogres (D:1)
  A felid (D:1)
  4 tentacles (D:1)
16 creatures vanquished.

Grand Total: 71 creatures vanquished

Notes
Turn   | Place    | Note
-------+----------+-------------------------------------------
     0 | D:1      | Leeroy the Merfolk Gladiator began the quest for the Orb.
     0 | D:1      | Reached XP level 1. HP: 16/16 MP: 1/1
     0 | D:1      | Noticed a spriggan
     0 | D:1      | Noticed a draconian
     0 | D:1      | Noticed an ogre
     0 | D:1      | Noticed a minotaur
     0 | D:1      | Noticed an octopode
     0 | D:1      | Noticed a dwarf
     0 | D:1      | Noticed a felid
     0 | D:1      | Noticed a formicid
     0 | D:1      | Noticed a kraken
     0 | D:1      | Noticed a troll
     0 | D:1      | Noticed a draconian
     0 | D:1      | Noticed an ogre
     0 | D:1      | Noticed a demigod
     3 | D:1      | Killed an ogre
     4 | D:1      | Killed a felid
     7 | D:1      | Killed a dwarf
     9 | D:1      | Killed an octopode
     9 | D:1      | Killed a formicid
     9 | D:1      | Killed a draconian
    10 | D:1      | Killed a troll
    10 | D:1      | Killed a spriggan
    10 | D:1      | Killed a minotaur
    11 | D:1      | Killed an ogre
    11 | D:1      | Killed a draconian
    13 | D:1      | Killed a demigod
   231 | D:1      | Reached skill level 4 in Long Blades
   252 | D:1      | Reached XP level 2. HP: 14/22 MP: 2/2
   464 | D:1      | Noticed a golden eye
   467 | D:1      | Found a faded altar of an unknown god.
   470 | D:1      | Noticed a floating eye
   476 | D:1      | Noticed a floating eye
   490 | D:1      | Found Ubruidy's Magic Scroll Shoppe.
   496 | D:1      | Bought 3 scrolls of identify for 66 gold pieces
   643 | D:1      | Noticed a floating eye
   747 | D:1      | Reached XP level 3. HP: 24/27 MP: 3/3
   755 | D:1      | Reached skill level 5 in Long Blades
  1399 | D:2      | Reached XP level 4. HP: 32/33 MP: 4/4
  1444 | D:2      | Reached skill level 6 in Long Blades
  2054 | D:3      | Reached XP level 5. HP: 38/38 MP: 5/5
  2208 | D:3      | Noticed Ijyb
  2222 | D:3      | Gained mutation: You are strong-willed. (Will+) [potion of
                  | mutation]
  2222 | D:3      | Gained mutation: Your flesh is cold resistant. (rC+)
                  | [potion of mutation]
  2224 | D:3      | Blown up by Ijyb

Illustrated notes

Levels and vault maps discovered:
D:1:      nicolae_arrival_kraken_aquarium_a, layout_loops_cross, serial_shops,
          nicolae_shop_temple_entry_statues_fountains,
          hellmonk_ecumenical_altar_watching_god, nicolae_wormholes
D:2:      layout_basic
D:3:      layout_loops_ring, serial_shops, nicolae_lakefront_shop, uniq_ijyb

Skill      XL: |  1  2  3  4 |
---------------+-------------+-----
Long Blades    | 4 5 6 |  6.9
Fighting       | |  2.1
Throwing       | |  2.0
Dodging        | |  4.0

Action                     |  1- 3 |  4- 6 || total
---------------------------+-------+-------++-------
  Melee: Long sword        |    96 |    72 ||   168
    Use: Scroll            |     1 |     3 ||     4
         Potion            |       |     1 ||     1
   Stab: Sleeping          |     2 |     1 ||     3
 Armour: Leather armour    |    26 |    25 ||    51
  Dodge: Dodged            |    62 |    45 ||   107

Table legend: (Time is in decaauts)
 A = Elapsed time spent in this place.
 B = Non-inter-level travel time spent in this place.
 C = Inter-level travel time spent in this place.
 D = Time resting spent in this place.
 E = Time spent auto-exploring this place.
 F = Levels seen in this place.
 G = Mean time per level.
                   A        B        C        D        E       F      G
               +--------+--------+--------+--------+--------+-----+--------+
         Total |   2246 |   2193 |     53 |    321 |   1508 |   3 |  748.7 |
       Dungeon |   2246 |   2193 |     53 |    321 |   1508 |   3 |  748.7 |
               +--------+--------+--------+--------+--------+-----+--------+

Top non-repeatable levels by time:
     D:1: 1088 daAuts
     D:2: 641 daAuts
     D:3: 516 daAuts
